Map: Data-C

Players

Zoun

  • Race: Protoss Protoss
  • Spawn Location: 3:00

Classic - Winner!

  • Race: Protoss Protoss
  • Spawn Location: 9:00

VOD

Have the link to the VOD?

Description

Time

  • Played on: Oct. 20, 2022, 6:27 a.m.
  • Length: 6:22
Show
View Real Time Build Order
Export as new Build Order

Zoun Protoss 

Build Orders: 1 Gate Expand, Blink Stalkers 

Get SALT Encoding   

  12  0:00  Probe  
  13  0:12  Probe  
  14  0:19  Pylon  
  14  0:24  Probe  
  15  0:37  Probe (Chrono Boost)  
  15  0:38  Gateway  
  16  0:46  Probe (Chrono Boost)  
  16  0:47  Assimilator  
  17  0:51  Probe (Chrono Boost)  
  18  1:18  Nexus  
  18  1:20  Probe  
  19  1:31  Cybernetics Core  
  19  1:34  Probe  
  20  1:41  Assimilator  
  20  1:46  Probe  
  21  1:51  Pylon  
  21  1:58  Probe  
  22  2:11  Probe (Chrono Boost)  
  22  2:12  Warp Gate  
  25  2:18  Stalker (Chrono Boost)  
  25  2:20  Probe (Chrono Boost)  
  26  2:28  Probe (Chrono Boost)  
  27  2:30  Probe (Chrono Boost)  
  28  2:40  Probe (Chrono Boost)  
  28  2:41  Probe (Chrono Boost)  
  28  2:43  Sentry  
  32  2:45  Probe (Chrono Boost)  
  32  2:49  Probe  
  34  2:53  Twilight Council  
  34  2:56  Probe  
  35  3:01  Probe  
  35  3:02  Gateway  
  36  3:08  Probe  
  36  3:10  Shield Battery  
  37  3:14  Shield Battery, Probe  
  38  3:20  Stalker  
  38  3:22  Probe  
  38  3:26  Probe  
  42  3:29  Blink (Chrono Boost)  
  41  3:34  Probe  
  41  3:39  Probe  
  41  3:41  Pylon  
  43  3:47  Pylon  
  43  3:50  Probe  
  43  3:51  Probe  
  45  4:02  Probe, Stalker  
  46  4:04  Stalker  
  46  4:05  Probe  
  49  4:11  Assimilator  
  49  4:14  Probe  
  49  4:16  Robotics Facility  
  50  4:17  Probe  
  51  4:26  Probe, Stalker  
  51  4:30  Probe, Stalker  
  56  4:41  Probe  
  56  4:44  Probe  
  57  4:49  Stalker  
  57  4:52  Pylon  
  59  5:00  Forge  
  59  5:01  Probe  
  59  5:03  Observer  
  59  5:04  Nexus  
  59  5:05  Pylon  
  61  5:09  Probe  
  61  5:11  Stalker  
  61  5:13  Probe  
  65  5:14  Stalker  
  65  5:20  Gateway  
  67  5:21  Probe  
  67  5:24  Shield Battery  
  68  5:29  Probe  
  68  5:33  Probe  
  70  5:37  Stalker, Pylon  
  70  5:44  Stalker  
  58  6:04  Stalker  
Show
View Real Time Build Order
Export as new Build Order

Classic Protoss - Winner!

Build Orders: Oracle Opening, Blink Stalkers 

Get SALT Encoding   

  12  0:00  Probe  
  13  0:12  Probe  
  14  0:20  Pylon  
  14  0:24  Probe  
  15  0:38  Probe (Chrono Boost), Gateway  
  16  0:47  Probe (Chrono Boost), Assimilator  
  17  0:52  Probe (Chrono Boost)  
  19  1:04  Probe (Chrono Boost)  
  19  1:14  Pylon  
  19  1:16  Probe (Chrono Boost)  
  20  1:19  Assimilator  
  20  1:23  Probe (Chrono Boost)  
  21  1:28  Cybernetics Core  
  22  1:45  Nexus  
  21  1:48  Probe  
  21  1:53  Assimilator  
  22  2:00  Probe  
  23  2:12  Probe  
  24  2:17  Stargate  
  24  2:24  Adept, Probe  
  27  2:36  Probe  
  28  2:40  Warp Gate  
  28  2:49  Probe (Chrono Boost)  
  28  2:57  Probe (Chrono Boost)  
  29  3:01  Oracle (Chrono Boost), Probe (Chrono Boost)  
  34  3:06  Probe (Chrono Boost)  
  34  3:08  Probe (Chrono Boost)  
  34  3:11  Probe (Chrono Boost)  
  35  3:15  Probe  
  37  3:21  Twilight Council  
  37  3:23  Probe  
  38  3:27  Probe  
  38  3:32  Gateway  
  38  3:33  Gateway  
  39  3:38  Pylon  
  39  3:40  Probe x2  
  41  3:43  Stalker  
  43  3:52  Probe  
  43  3:53  Probe  
  43  3:54  Blink (Chrono Boost)  
  43  3:55  Pylon  
  45  4:05  Probe x2  
  45  4:06  Gateway  
  47  4:12  Pylon  
  47  4:14  Assimilator  
  47  4:18  Probe x2  
  47  4:21  Assimilator  
  49  4:28  Stalker x2  
  49  4:30  Stalker  
  55  4:34  Probe  
  55  4:35  Probe  
  57  4:50  Probe  
  58  4:53  Stalker x3  
  64  5:00  Stalker  
  64  5:02  Pylon  
  66  5:09  Nexus  
  66  5:21  Stalker x2  
  66  5:22  Stalker  
  66  5:25  Stalker  
  74  5:30  Robotics Facility  
  74  5:35  Pylon  
  65  6:04  Stalker x4  
  69  6:05  Probe x2  
Tags
 
Add a new tag
Caveats
  • Supply blocks, unpowered buildings, or Contaminate may cause inaccurate times.
  • Supply counts are checked every 10 seconds.